 Dungeon Crawl Stone Soup version 0.28-a0-384-g9e0c098162 (webtiles) character file.

Game seed: 10265522051814330310

8859 porpoise the Thaumaturge (level 11, -5/63 HPs)
             Began as a Deep Elf Conjurer on Sept 3, 2021.
             Was a Follower of Vehumet.
             Killed by the air
             ... invoked by Gastronok
              (22 damage)
             ... on level 10 of the Dungeon.
             The game lasted 00:51:20 (11926 turns).

porpoise the Thaumaturge (Deep Elf Conjurer)       Turns: 11926, Time: 00:51:20

Health: -5/63      AC: 15    Str:  4    XL:     11   Next: 15%
Magic:  4/26       EV: 16    Int: 26    God:    Vehumet [*.....]
Gold:   521        SH:  5    Dex: 18    Spells: 13/28 levels left

rFire   . . .      SeeInvis .   a - +10 rapier of Immorality {speed, *Slow Dex+4}
rCold   . . .      Faith    .   P - +0 buckler
rNeg    . . .      Spirit   .   Q - +1 steam dragon scales
rPois   .          Reflect  .   (no helmet)
rElec   .          Harm     .   u - +0 cloak
rCorr   .          Rampage  .   (no gloves)
Will    +....                   (no boots)
Stlth   +++.......              (no amulet)
HPRegen 0.20/turn               M - +4 ring of protection
MPRegen 0.20/turn               d - +4 ring of protection

@: no status effects
A: no striking features
a: Renounce Religion


You were on level 10 of the Dungeon.
You worshipped Vehumet.
Vehumet was aware of your devotion.
You visited 2 branches of the dungeon, and saw 11 of its levels.

You collected 521 gold pieces.

Inventory:

Hand Weapons
 a - the +10 rapier of Immorality (weapon) {speed, *Slow Dex+4}
   (You found it on level 5 of the Dungeon)

   Attacks with this weapon are significantly faster.
   Dex:       It affects your dexterity (+4).
   *Slow:     It may slow you when you take damage.
 b - a +1 hunting sling
 E - a +1 mace of holy wrath
 V - a +4 short sword
Missiles
 g - 7 boomerangs
 j - 21 sling bullets
 k - 14 curare-tipped darts
 o - 67 poisoned darts
 p - a throwing net
 x - 122 stones
Armour
 u - a +0 cloak (worn)
 P - a +0 buckler (worn)
 Q - +1 steam dragon scales (worn)
Magical Staves
 U - a staff of air
Jewellery
 d - a +4 ring of protection (right hand)
 l - a ring of fire
 H - a ring of ice
 L - an amulet of guardian spirit
 M - a +4 ring of protection (left hand)
Wands
 z - a wand of digging (11)
 A - a wand of flame (18)
 F - a wand of mindburst (8)
 G - a wand of polymorph (11)
Scrolls
 c - 3 scrolls of amnesia
 f - a scroll of vulnerability
 i - a scroll of blinking {unknown}
 n - a scroll of enchant weapon
 q - 2 scrolls of immolation
 s - a scroll of enchant armour {unknown}
 y - 4 scrolls of fog
 C - a scroll of noise
 D - a scroll of brand weapon {unknown}
 N - a scroll of acquirement {unknown}
 O - a scroll of identify
 S - a scroll of summoning {unknown}
 T - a scroll of magic mapping {unknown}
Potions
 e - a potion of invisibility
 h - 3 potions of heal wounds
 m - a potion of cancellation
 t - 3 potions of might
 v - 3 potions of mutation
 w - 3 potions of brilliance
 B - 5 potions of flight
 R - a potion of lignification


   Skills:
 - Level 5.0 Fighting
 - Level 7.0 Dodging
 - Level 4.0 Stealth
 - Level 4.0 Shields
 - Level 9.0 Spellcasting
 - Level 7.0 Conjurations
 + Level 7.4 Hexes
 - Level 7.0 Translocations
 - Level 7.0 Poison Magic
 - Level 5.0 Evocations


You had 13 spell levels left.
You knew the following spells:

 Your Spells              Type           Power      Damage    Failure   Level
a - Magic Dart            Conj           100%       1d8       1%          1
b - Searing Ray           Conj           96%        3d7       1%          2
c - Fulminant Prism       Conj/Hex       24%        3d13      2%          4
d - Iskenderun's Mystic   Conj/Tloc      48%        2d11      2%          4
o - Olgreb's Toxic Radia  Pois           48%        N/A       2%          4

Your spell library contained the following spells:

 Spells                   Type           Power      Damage    Failure   Level
 Scorch                   Fire           22%        2d6       8%          2
 Shock                    Conj/Air       100%       1d9       1%          1
 Sting                    Tmut/Pois      100%       1d8       1%          1
 Poisonous Vapours        Pois/Air       58%        N/A       1%          2
 Slow                     Hex            50%        N/A       1%          2
 Static Discharge         Conj/Air       29%        N/A       1%          2
 Confusing Touch          Hex            50%        N/A       1%          3
 Dazzling Flash           Conj/Hex       98%        N/A       1%          3
 Sticky Flame             Conj/Fire      29%        2d5       12%         4
 Swiftness                Air            11%        N/A       16%         3
 Yara's Violent Unravell  Hex/Tmut       15%        3d8       30%         5
 Airstrike                Air            5%         N/A       45%         4
 Dispel Undead            Necr           11%        3d9       45%         4


Dungeon Overview and Level Annotations

Branches:
Dungeon (10/15)            Temple (1/1) D:7            Lair (0/6) D:8
    Orc: D:9-12

Altars:
Ashenzari
Cheibriados
Dithmenos
Elyvilon
Fedhas
Gozag
Hepliaklqana
Kikubaaqudgha
Makhleb
Nemelex Xobeh
Okawaru
Qazlal
Ru
Sif Muna
Trog
Uskayaw
Vehumet
Wu Jian
Xom
Yredelemnul
Zin
The Shining One

Shops:
D:6 *

Annotations:
D:7 3 runed translucent doors, MasteOfDeath's ghost, novice OgBe
D:8 1 runed translucent door
D:9 Death Knight
D:10 Gastronok


Message History

You closely miss the howler monkey.
The howler monkey is severely wounded.
The howler monkey closely misses you.
You barely miss the howler monkey.
The howler monkey is severely wounded.
The howler monkey misses you.
You closely miss the howler monkey.
The howler monkey is severely wounded.
The howler monkey closely misses you.
You puncture the howler monkey!
You kill the howler monkey!
Vehumet accepts your kill.
You feel your power returning.
The centaur wields a +0 shortbow.
The centaur shoots an arrow.
Training target 5.0 for Fighting reached!
Your Fighting skill increases to level 5!
Casting: Searing Ray (safe; 1% risk of failure)
Confirm with . or Enter, or press ? or * to list all spells.
Aiming: Searing Ray (safe; 1% risk of failure)
Press: ? - help, Shift-Dir - straight line, f - centaur
Aim: a centaur, wielding a +0 shortbow and quivering arrows (90% to hit)
The searing ray hits something!
The searing ray hits the centaur!
The centaur is severely wounded. (Press . to maintain the ray.)
The centaur shoots an arrow.
The arrow hits you but does no damage.
You hear a zap.
You hear a grinding noise.
The centaur shoots an arrow.
Something draws life force from you!
The searing ray hits the centaur!
You kill the centaur!
Vehumet accepts your kill.
You feel your power returning. Something draws life force from you!
* * * LOW HITPOINT WARNING * * *
The searing ray hits something!
Gastronok the Ponderous comes into view.
He is wearing a +1 hat of stealth.
Something hits you but does no damage. Something closely misses you.
You miss something.
Unknown command.
Gastronok waves his eye-stalks in wide circles.
The air twists around and strikes you!!
You die...

...... .#. #........
.... ...##.. .....#
..h.. ........#....#
.... .....(..#....
#...
.............##..## .
............#.#...#..
#.....###..#........
#..(..@###.<..>....#
#.......†......#....
.....w####..$...# .?#
.####. #........... #
#.........#
#..........#
.........#.##
.........#....
........... #.


You could see Gastronok.

Vanquished Creatures
  2 two-headed ogres (D:9)
  An ugly thing (D:9)
  Pikel (D:5)
  A deep elf pyromancer (D:9)
  A manticore (D:9)
  A centaur zombie (D:7)
  Maggie (D:8)
  A wraith (D:9)
  A vampire (D:9)
  A wyvern (D:8)
  3 yaks (D:9)
  A steam dragon (D:8)
  Menkaure (D:6)
  3 water moccasins (D:7)
  2 ice beasts
  An orc warrior (D:7)
  A necrophage (D:8)
  A sky beast (D:7)
  A black bear (D:7)
  An ogre (D:7)
  3 centaurs
  2 phantoms
  A lemure (D:5)
  A kobold brigand (D:9)
  4 bullfrogs
  A wyvern zombie (D:9)
  3 gnoll sergeants
  2 wyvern skeletons
  A water moccasin skeleton (D:6)
  22 killer bees
  5 wights (D:7)
  5 howler monkeys
  A bullfrog zombie (D:6)
  A hound (D:4)
  2 orc priests
  A centaur skeleton (D:4)
  3 jellies
  A bullfrog skeleton (D:7)
  A gnoll shaman (D:4)
  2 iguanas
  3 orc wizards
  A hound zombie (D:5)
  20 gnolls
  2 howler monkey skeletons
  7 adders
  2 shadow imps
  2 white imps (D:7)
  An ufetubus (D:4)
  2 adder skeletons (D:4)
  2 worms
  19 orcs
  4 ball pythons
  4 bats
  8 endoplasms
  2 giant cockroaches
  5 hobgoblins
  24 kobolds
  2 quokkas
  4 frilled lizards
  5 goblins
  4 rats (D:3)
211 creatures vanquished.

Vanquished Creatures (others)
  A centaur zombie (D:9)
  12 fulminant prisms
  17 plants (D:9)
30 creatures vanquished.

Grand Total: 241 creatures vanquished

Notes
Turn   | Place    | Note
-------+----------+-------------------------------------------
     0 | D:1      | porpoise the Deep Elf Conjurer began the quest for the Orb.
     0 | D:1      | Reached XP level 1. HP: 10/10 MP: 6/6
   741 | D:2      | Reached XP level 2. HP: 10/15 MP: 2/8
   827 | D:2      | Learned a level 2 spell: Searing Ray
  1310 | D:2      | Reached skill level 4 in Spellcasting
  1549 | D:3      | Reached skill level 5 in Conjurations
  1549 | D:3      | Reached XP level 3. HP: 19/19 MP: 6/10
  1719 | D:3      | Found a faded altar of an unknown god.
  2510 | D:4      | Found a snail-covered altar of Cheibriados.
  2536 | D:4      | Reached skill level 5 in Spellcasting
  2536 | D:4      | Reached XP level 4. HP: 24/24 MP: 5/13
  2803 | D:4      | Noticed a bullfrog
  2808 | D:4      | Killed a bullfrog
  2809 | D:4      | Reached skill level 6 in Spellcasting
  2809 | D:4      | Reached XP level 5. HP: 28/28 MP: 10/15
  2848 | D:4      | Learned a level 4 spell: Fulminant Prism
  2853 | D:4      | Learned a level 4 spell: Iskenderun's Mystic Blast
  2913 | D:4      | Reached skill level 1 in Hexes
  2989 | D:4      | Reached skill level 1 in Translocations
  3219 | D:4      | Reached XP level 6. HP: 32/32 MP: 14/17
  4127 | D:5      | Entered Level 5 of the Dungeon
  4348 | D:5      | Noticed Pikel
  4355 | D:5      | Killed Pikel
  4356 | D:5      | Reached skill level 5 in Translocations
  4356 | D:5      | Reached XP level 7. HP: 22/36 MP: 9/18
  4850 | D:5      | Reached skill level 7 in Spellcasting
  4850 | D:5      | Reached XP level 8. HP: 41/41 MP: 7/20
  5290 | D:5      | Identified the +10 rapier of Immorality {speed, *Slow
                  | Dex+4}
  5583 | D:6      | Reached skill level 8 in Spellcasting
  6053 | D:6      | Found Wahinn's Neck Hole.
  6061 | D:6      | Noticed Menkaure
  6067 | D:6      | Killed Menkaure
  6068 | D:6      | Reached skill level 1 in Fighting
  6182 | D:6      | Reached skill level 9 in Spellcasting
  6643 | D:7      | Reached XP level 9. HP: 49/49 MP: 15/24
  7066 | D:7      | Reached skill level 5 in Dodging
  7101 | D:7      | Reached skill level 1 in Evocations
  7589 | D:7      | Reached skill level 5 in Evocations
  7970 | D:7      | Found a staircase to the Ecumenical Temple.
  8025 | D:7      | Found a runed translucent gate.
  8025 | D:7      | Found a runed translucent gate.
  8025 | D:7      | Found a runed translucent gate.
  8059 | Temple   | Entered the Ecumenical Temple
  8202 | Temple   | Became a worshipper of Vehumet
  8253 | D:7      | Noticed MasteOfDeath's ghost (novice OgBe)
  8612 | D:8      | Reached skill level 1 in Shields
  8840 | D:8      | Noticed a sixfirhy
  8841 | D:8      | Found a runed translucent door.
  8953 | D:8      | Reached XP level 10. HP: 56/56 MP: 21/25
  9035 | D:8      | Learned a level 4 spell: Olgreb's Toxic Radiance
  9048 | D:8      | Noticed Maggie
  9053 | D:8      | Killed Maggie
  9135 | D:8      | Found a staircase to the Lair.
  9216 | D:8      | Reached * piety under Vehumet
  9216 | D:8      | Offered knowledge of Foxfire by Vehumet.
  9736 | D:8      | Found a shimmering blue altar of Sif Muna.
  9736 | D:8      | Found an ornate altar of the Wu Jian Council.
  9743 | D:8      | Found a basalt altar of Yredelemnul.
  9752 | D:8      | Found a bloodstained altar of Trog.
  9752 | D:8      | Found a hide-covered altar of Uskayaw.
 10009 | D:8      | Reached skill level 1 in Poison Magic
 10386 | D:9      | Noticed a two-headed ogre
 10391 | D:9      | Killed a two-headed ogre
 10392 | D:9      | Reached skill level 5 in Poison Magic
 10397 | D:9      | Noticed a two-headed ogre
 10401 | D:9      | Killed a two-headed ogre
 11337 | D:9      | Noticed a deep elf pyromancer
 11345 | D:9      | Killed a deep elf pyromancer
 11346 | D:9      | Reached XP level 11. HP: 62/62 MP: 19/26
 11360 | D:9      | Noticed a white ugly thing
 11367 | D:9      | Noticed a death knight
 11368 | D:9      | Killed a white ugly thing
 11368 | D:9      | Offered knowledge of Scorch by Vehumet.
 11638 | D:10     | Entered Level 10 of the Dungeon
 11922 | D:10     | Reached skill level 5 in Fighting
 11924 | D:10     | Noticed Gastronok
 11926 | D:10     | Killed from afar by Gastronok

Illustrated notes

Levels and vault maps discovered:
D:1:      scummos_arrival_star, layout_loops_ring, serial_glass,
          glass_columns_a, glass_columns_c, glass_columns_a, glass_columns_a,
          glass_columns_a, glass_columns_a
D:2:      layout_loops_ring
D:3:      layout_loops_ring, hellmonk_ecumenical_altar_prayer_group,
          kennysheep_cross_room
D:4:      layout_gridville, lemuel_round_altar, wad_rectangle_vault
D:5:      layout_loops_ring, uniq_pikel
D:6:      layout_rooms, nicolae_shop_sticking_my_neck_out, uniq_menkaure
D:7:      layout_loops_ring, minmay_temple_entry_proselytizer,
          gammafunk_ghost_nasty_kobolds, minmay_fractal_squares_diagonal_5
D:8:      cheibrodos_shockbox, layout_basic, minmay_overflow_temple_star_hex,
          lair_entry_dummy, uniq_maggie
D:9:      kennysheep_kobold_camp, layout_rooms, minmay_fractal_squares_gapless_7
D:10:     layout_cave_pools, kennysheep_generic_room_4, uniq_joseph,
          uniq_gastronok
Temple:   nicolae_temple_elliptical

Skill      XL: |  1  2  3  4  5  6  7  8  9 10 11 |
---------------+----------------------------------+-----
Spellcasting   | 4 5 6 7 9 |  9.0
Conjurations   | 5 6 7 |  7.0
Hexes          | 2 6 7 |  7.4
Translocations | 1 5 7 |  7.0
Fighting       | 2 3 4 5 |  5.0
Dodging        | 3 7 |  7.0
Evocations     | 5 |  5.0
Stealth        | 4 |  4.0
Shields        | 2 4 |  4.0
Poison Magic   | 6 7 |  7.0

Action                   |  1- 3 |  4- 6 |  7- 9 | 10-12 || total
-------------------------+-------+-------+-------+-------++-------
Melee: Mace              |     4 |       |       |       ||     4
       Rapier            |       |       |       |    50 ||    50
 Fire: Hunting sling     |       |    41 |    98 |    35 ||   174
 Cast: Magic Dart        |    45 |     2 |       |       ||    47
       Searing Ray       |    10 |    30 |    63 |    35 ||   138
       Iskenderun's Myst |       |       |    16 |    15 ||    31
       Fulminant Prism   |       |       |     1 |    11 ||    12
Evoke: Wand              |       |       |       |     2 ||     2
  Use: Scroll            |     4 |     2 |     8 |     5 ||    19
       Potion            |       |       |       |     4 ||     4
 Stab: Sleeping          |       |       |       |     1 ||     1
Armor: Robe              |     3 |     3 |     4 |     2 ||    12
       Steam dragon scal |       |       |       |    35 ||    35
Dodge: Dodged            |     4 |    11 |    31 |    53 ||    99
Block: Buckler           |       |       |       |    13 ||    13

Table legend: (Time is in decaauts)
 A = Elapsed time spent in this place.
 B = Non-inter-level travel time spent in this place.
 C = Inter-level travel time spent in this place.
 D = Time resting spent in this place.
 E = Time spent auto-exploring this place.
 F = Levels seen in this place.
 G = Mean time per level.
                   A        B        C        D        E       F      G
               +--------+--------+--------+--------+--------+-----+--------+
         Total |  11950 |  11576 |    374 |   4144 |   5573 |  11 | 1086.4 |
       Dungeon |  11783 |  11432 |    351 |   4144 |   5454 |  10 | 1178.3 |
        Temple |    166 |    143 |     23 |      0 |    119 |   1 |  166.0 |
               +--------+--------+--------+--------+--------+-----+--------+

Top non-repeatable levels by time:
     D:7: 1872 daAuts
     D:8: 1689 daAuts
     D:4: 1662 daAuts
     D:5: 1511 daAuts
     D:9: 1339 daAuts
     D:3: 1074 daAuts
     D:6: 889 daAuts
     D:2: 758 daAuts
     D:1: 702 daAuts
    D:10: 284 daAuts
  Temple: 166 daAuts
